 Dungeon Crawl Stone Soup version 0.28-a0-1510-gd0f6b136d3 (webtiles) character file.

Game seed: 8934002478252312872

99 psuckher the Digger (level 4, -1/24 HPs)
             Began as a Gargoyle Earth Elementalist on Jan 15, 2022.
             Was an Initiate of Yredelemnul.
             Killed from afar by Natasha (3 damage)
             ... with a magic dart
             ... on level 3 of the Dungeon.
             The game lasted 00:15:23 (1693 turns).

psuckher the Digger (Gargoyle Earth Elementalist)   Turns: 1693, Time: 00:15:24

Health: -1/24      AC: 11    Str: 12    XL:     4   Next: 72%
Magic:  2/8        EV: 10    Int: 17    God:    Yredelemnul [......]
Gold:   110        SH:  0    Dex: 10    Spells: 7/8 levels left

rFire   . . .      SeeInvis .   l - staff of conjuration
rCold   . . .      Faith    .   (no shield)
rNeg    + . .      Spirit   .   a - +0 ring mail
rPois   ∞          Reflect  .   (no helmet)
rElec   +          Harm     .   (no cloak)
rCorr   .          Rampage  .   g - +2 pair of gloves
Will    .....                   (no boots)
Stlth   +.........              (no amulet)
HPRegen 0.08/turn               (no ring)
MPRegen 0.11/turn               (no ring)

@: mighty
A: sickness immunity, AC +3, negative energy resistance 1, electricity
resistance, torment resistance 1, petrification resistance
a: Renounce Religion, Recall Undead Harvest


You were on level 3 of the Dungeon.
You worshipped Yredelemnul.
Yredelemnul was noncommittal.
You visited 1 branch of the dungeon, and saw 3 of its levels.

You collected 110 gold pieces.

Inventory:

Hand Weapons
 d - a +2 short sword of draining
 o - a +2 vampiric short sword
Missiles
 c - 94 stones
 m - 3 large rocks
Armour
 a - a +0 ring mail (worn)
 b - a +0 robe
 g - a +2 pair of gloves (worn)
Magical Staves
 l - a staff of conjuration (weapon)
Wands
 r - a wand of mindburst (8)
Scrolls
 h - a scroll of silence
 n - 2 scrolls of immolation {unknown}
 p - a scroll of identify {unknown}
Potions
 f - 2 potions of degeneration {unknown}
 i - a potion of flight {unknown}
 j - 3 potions of berserk rage {unknown}
 k - a potion of curing {unknown}
 q - a potion of brilliance {unknown}


   Skills:
 + Level 0.7 Fighting
 + Level 0.6 Short Blades
 + Level 0.3 Staves
 + Level 1.1 Armour
 + Level 2.2 Dodging
 + Level 2.5 Stealth
 + Level 2.8 Spellcasting
 + Level 0.7 Transmutations
 + Level 4.3 Earth Magic


You had 7 spell levels left.
You knew the following spells:

 Your Spells              Type           Power      Damage    Failure   Level
a - Sandblast             Erth           34%        2d9       7%          1

Your spell library contained the following spells:

 Spells                   Type           Power      Damage    Failure   Level
 Passwall                 Tmut/Erth      9%         N/A       22%         2
 Animate Skeleton         Necr           4%         N/A       38%         1
 Apportation              Tloc           4%         N/A       38%         1
 Summon Small Mammal      Summ           8%         N/A       38%         1
 Stone Arrow              Conj/Erth      28%        3d8       45%         3
 Petrify                  Tmut/Erth      11%        N/A       82%         4


Dungeon Overview and Level Annotations

Branches:
Dungeon (3/15)

Altars:
Yredelemnul

Shops:
D:3 (

Annotations:
D:3 Natasha


Innate Abilities, Weirdness & Mutations

You are immune to sickness and miasma.
Your stone body is resilient. (AC +3)
You are immune to poison.
You resist negative energy. (rN+)
You are resistant to electric shocks. (rElec)
You are resistant to unholy torment.
You are immune to petrification.


Message History

The white imp gestures at you. The puff of frost hits your orc zombie.
Your orc zombie resists.
Your orc zombie is destroyed!
Items here: ))) [.
Aiming: Sandblast (safe; 7% risk of failure)
Press: ? - help, Q - select action, (/) - cycle Shift-Dir - straight line, p - Natasha The blast of sand misses Natasha.
Natasha claws you.
* * * LOW HITPOINT WARNING * * *
Unknown command.
It was a potion of might.
You feel very mighty all of a sudden. Natasha claws you.
* * * LOW HITPOINT WARNING * * *
Your hobgoblin zombie misses Natasha.
Your hobgoblin zombie barely misses the white imp.
The white imp barely misses your hobgoblin zombie.
Your orc zombie hits the white imp but does no damage.
Aiming: Sandblast (safe; 7% risk of failure)
Press: ? - help, Q - select action, (/) - cycle Shift-Dir - straight line, f - Natasha
Aim: Natasha (74% to hit)
The blast of sand hits Natasha!
Natasha is severely wounded.
Natasha barely misses you.
The white imp hits your hobgoblin zombie.
The white imp freezes your hobgoblin zombie.
Your hobgoblin zombie resists.
Your hobgoblin zombie is destroyed!
Your orc zombie hits the white imp but does no damage.
Aiming: Sandblast (safe; 7% risk of failure)
Press: ? - help, Q - select action, (/) - cycle Shift-Dir - straight line, f/p - Natasha
Aim: Natasha (severely wounded, 74% to hit)
The blast of sand hits Natasha.
Natasha is almost dead.
The white imp disappears in a puff of smoke!
Natasha stares at you and mumbles some strange words.
The magic dart hits you.
You die...
Your body rises from the dead as a mindless zombie.

##....####
#.#
#........#
#.#
#.##...#.#
##.### #.
#.....#
#.)..# ..
###.∩.##
#....# ..#
#....##
#....# ###
#.#...#
#....#
#.....#
#.<..#
####.@#
#....#
#)h#
######
#§.# #Z.$
.>...
.......
.......##
##......#
#......#


You could see Natasha and a friendly orc zombie.

Vanquished Creatures
  4 adders
  A worm (D:3)
  3 orcs (D:3)
  3 endoplasms
  A giant cockroach (D:2)
  3 hobgoblins
  3 kobolds
  2 quokkas
  5 ball pythons
  6 bats
  A frilled lizard (D:1)
  3 goblins (D:1)
  4 rats
  A spectral endoplasm (D:2)
40 creatures vanquished.

Vanquished Creatures (collateral kills)
  2 worms (D:2)
  A dart slug (D:1)
  An orc (D:3)
  A hobgoblin (D:3)
  3 ball pythons (D:2)
  2 bats (D:2)
  A frilled lizard (D:2)
  3 rats (D:2)
14 creatures vanquished.

Vanquished Creatures (others)
  2 bat zombies (D:2)
  A hobgoblin zombie (D:3)
  2 orc zombies (D:3)
  A quokka zombie (D:3)
  2 rat zombies (D:2)
8 creatures vanquished.

Grand Total: 62 creatures vanquished

Notes
Turn   | Place    | Note
-------+----------+-------------------------------------------
     0 | D:1      | psuckher the Gargoyle Earth Elementalist began the quest
                  | for the Orb.
     0 | D:1      | Reached XP level 1. HP: 10/10 MP: 3/3
   164 | D:1      | Reached skill level 4 in Earth Magic
   168 | D:1      | Reached XP level 2. HP: 3/15 MP: 0/5
   328 | D:1      | Found a faded altar of an unknown god.
   350 | D:1      | Prayed at the altar of an unknown god.
   350 | D:1      | Became a worshipper of Yredelemnul the Dark
   350 | D:1      | Reached * piety under Yredelemnul
   792 | D:2      | Reached XP level 3. HP: 19/20 MP: 6/6
  1315 | D:2      | Reached XP level 4. HP: 24/24 MP: 7/7
  1341 | D:2      | Reached ** piety under Yredelemnul
  1499 | D:3      | Reached skill level 1 in Armour
  1646 | D:3      | Found Vefis's Antique Weapon Emporium.
  1679 | D:3      | Noticed Natasha
  1690 | D:3      | HP: 1/24 [Natasha (1)]
  1693 | D:3      | Killed from afar by Natasha

Illustrated notes

Levels and vault maps discovered:
D:1:      dpeg_arrival_oval, layout_rooms, chequers_ecumenical_altar_simple,
          corexii_hall_statues_deadend, minivault_24
D:2:      layout_basic, minmay_increasing_density
D:3:      layout_rooms, serial_shops, nicolae_shop_stone,
          kennysheep_generic_room_4, uniq_natasha

Skill      XL: |  1  2  3  4 |
---------------+-------------+-----
Earth Magic    | 4 |  4.3
Armour         | 1 |  1.1
Dodging        | 2 |  2.2
Fighting       | |  0.7
Short Blades   | |  0.6
Staves         | |  0.3
Stealth        | |  2.5
Spellcasting   | |  2.8
Transmutations | |  0.7

Action                   |  1- 3 |  4- 6 || total
-------------------------+-------+-------++-------
Melee: Unarmed           |    13 |       ||    13
       Short sword       |    16 |       ||    16
       Staff             |    21 |    39 ||    60
       Punch             |       |     1 ||     1
 Cast: Sandblast         |    18 |    16 ||    34
  Use: Scroll            |     2 |     1 ||     3
       Potion            |       |     1 ||     1
Armor: Robe              |     5 |       ||     5
       Ring mail         |    45 |    30 ||    75
Dodge: Dodged            |    70 |    36 ||   106

Table legend: (Time is in decaauts)
 A = Elapsed time spent in this place.
 B = Non-inter-level travel time spent in this place.
 C = Inter-level travel time spent in this place.
 D = Time resting spent in this place.
 E = Time spent auto-exploring this place.
 F = Levels seen in this place.
 G = Mean time per level.
                   A        B        C        D        E       F      G
               +--------+--------+--------+--------+--------+-----+--------+
         Total |   1704 |   1516 |    188 |      0 |      0 |   3 |  568.0 |
       Dungeon |   1704 |   1516 |    188 |      0 |      0 |   3 |  568.0 |
               +--------+--------+--------+--------+--------+-----+--------+

Top non-repeatable levels by time:
     D:2: 822 daAuts
     D:1: 668 daAuts
     D:3: 213 daAuts
